 Dungeon Crawl Stone Soup version 0.27-a0-1200-g94dc6ad4cf (console) character file.

Game seed: 5882571060559565163

95 Hector the Ducker (level 4, -2/23 HPs)
             Began as a Spriggan Abyssal Knight on May 30, 2021.
             Was a Believer of Lugonu.
             Killed by nerve-wracking pain
             ... invoked by a shadow imp
             ... summoned by Natasha
              (5 damage)
             ... on level 2 of the Dungeon.
             The game lasted 00:06:52 (2492 turns).

Hector the Ducker (Spriggan Abyssal Knight)         Turns: 2492, Time: 00:06:52

Health: -2/23      AC:  2    Str:  8    XL:     4   Next: 39%
Magic:  7/7        EV: 18    Int: 14    God:    Lugonu [**....]
Gold:   38         SH:  0    Dex: 14    Spells: 6/6 levels left

rFire    . . .     SeeInvis +   a - +1 short sword
rCold    . . .     Faith    .   (shield restricted)
rNeg     . . .     Spirit   .   b - +0 robe
rPois    .         Reflect  .   (helmet restricted)
rElec    .         Harm     .   (no cloak)
rCorr    .         Rampage  .   (gloves unavailable)
Will     .....                  (boots unavailable)
Stlth    ++........             (no amulet)
HPRegen  0.07/turn              (no ring)
MPRegen  0.10/turn              (no ring)

@: slowed, quick
A: very small, no large weapons, unfitting armour, see invisible, speed 3
a: Renounce Religion, Depart the Abyss, Bend Space


You were on level 2 of the Dungeon.
You worshipped Lugonu.
Lugonu was pleased with you.
You visited 1 branch of the dungeon, and saw 2 of its levels.
You visited the Abyss 1 time.

You collected 38 gold pieces.

Inventory:

Hand Weapons
 a - a +1 short sword (weapon)
 g - a +0 rapier
Missiles
 h - 24 stones (quivered)
Armour
 b - a +0 robe (worn)
Scrolls
 d - a scroll of immolation {unknown}
 e - a scroll of enchant armour {unknown}
 f - a scroll of teleportation {unknown}
Potions
 c - a potion of haste {unknown}


   Skills:
 + Level 2.8 Fighting
 * Level 3.6 Short Blades
 + Level 3.7 Dodging
 * Level 2.4 Stealth
 * Level 1.7 Spellcasting
 - Level 1.7 Invocations


You had 6 spell levels left.
You didn't know any spells.
Your spell library was empty.

Dungeon Overview and Level Annotations

Branches:
Dungeon (2/15)

Altars:
Elyvilon

Annotations:
D:2 Natasha


Innate Abilities, Weirdness & Mutations

You are very small and have problems with some larger weapons.
You are too small for most types of armour.
You have supernaturally acute eyesight. (SInv)
You cover ground extremely quickly. (Speed+++)


Message History

You barely miss Natasha. Natasha completely misses you.
You barely miss Natasha.
Natasha mumbles some strange words.
Natasha shimmers violently.
Natasha claws you.
You hit Natasha.
Natasha is lightly wounded.
Natasha claws you.
You hit Natasha but do no damage.
Natasha is lightly wounded.
You hit Natasha but do no damage.
Natasha is lightly wounded.
Natasha casts a spell at you.
You feel yourself slow down.
You closely miss Natasha.
Natasha is lightly wounded.
Natasha stares at you and mumbles some strange words.
You easily resist.
Natasha barely misses you.
You closely miss Natasha.
Natasha is lightly wounded.
Natasha howls an incantation.
You feel disoriented. Natasha completely misses you.
You barely miss Natasha.
Natasha is lightly wounded.
Natasha claws you.
You hit Natasha.
Natasha is moderately wounded.
Natasha stares at you and mumbles some strange words.
You easily resist.
Natasha casts a spell.
You hit Natasha but do no damage.
Natasha is moderately wounded.
Natasha claws you!
* * * LOW HITPOINT WARNING * * *
You closely miss Natasha.
Natasha is moderately wounded.
Natasha casts a spell.
The shadow imp gestures at you. Pain shoots through your body!
You die...

#...... #######....#..
#............## #.............
###...........# #<.....†......# #
###.#).........#
######...#..........# ##..#
.......###.....5@...# #...
[####### #####..h.5.# #..# ..#
#.#...## #..# ..# ##.#...#####..#
..## ##..#..#.......# ##### †..##
#..##..#.......# #....
....########.##...#.......###....
.##........#.##..#####...÷)......
##########...............####....


You could see Natasha, a white imp (summoned) and a shadow imp (summoned).

Vanquished Creatures
  Natasha (twice) (D:2)
  3 dart slugs
  An endoplasm (D:1)
  3 giant cockroaches
  3 goblins
  2 hobgoblins
  8 jackals (D:1)
  3 ball pythons (D:1)
  6 bats
  2 frilled lizards (D:1)
  5 kobolds
  4 rats
42 creatures vanquished.

Notes
Turn   | Place    | Note
-------+----------+-------------------------------------------
     0 | Abyss:1  | Hector the Spriggan Abyssal Knight began the quest for the
                  | Orb.
     0 | Abyss:1  | Reached XP level 1. HP: 11/11 MP: 3/3
     9 | D:1      | Escaped the Abyss
   511 | D:1      | Reached XP level 2. HP: 6/16 MP: 4/4
   737 | D:1      | Reached * piety under Lugonu
   743 | D:1      | Reached skill level 1 in Stealth
  1030 | D:1      | Reached skill level 1 in Spellcasting
  1124 | D:1      | Reached XP level 3. HP: 19/19 MP: 5/5
  1803 | D:2      | Found a white marble altar of Elyvilon.
  1845 | D:2      | Noticed Natasha
  1854 | D:2      | Killed Natasha
  2011 | D:2      | Reached XP level 4. HP: 19/23 MP: 7/7
  2031 | D:2      | Noticed Natasha
  2122 | D:2      | Killed Natasha
  2437 | D:2      | Reached ** piety under Lugonu
  2475 | D:2      | Noticed Natasha
  2492 | D:2      | Killed from afar by a shadow imp

Illustrated notes

Levels and vault maps discovered:
D:1:      psy_arrival_basics, layout_basic, serial_bayou_pond_c,
          serial_park_tiny_pond
D:2:      layout_rooms, basic_altar, uniq_natasha

Skill      XL: |  1  2  3  4 |
---------------+-------------+-----
Stealth        | 1 2 |  2.4
Spellcasting   | 1 |  1.7
Short Blades   | 3 |  3.6
Fighting       | |  2.8
Dodging        | |  3.7
Invocations    | |  1.7

Action                   |  1- 3 |  4- 6 || total
-------------------------+-------+-------++-------
Melee: Short sword       |   143 |    32 ||   175
Invok: Depart the Abyss  |     1 |       ||     1
 Stab: Sleeping          |     4 |       ||     4
Armor: Robe              |    17 |       ||    17
Dodge: Dodged            |   105 |    13 ||   118

Table legend: (Time is in decaauts)
 A = Elapsed time spent in this place.
 B = Non-inter-level travel time spent in this place.
 C = Inter-level travel time spent in this place.
 D = Time resting spent in this place.
 E = Time spent auto-exploring this place.
 F = Levels seen in this place.
 G = Mean time per level.
                   A        B        C        D        E       F      G
               +--------+--------+--------+--------+--------+-----+--------+
         Total |   2017 |   1910 |    107 |    771 |    763 |   3 |  672.3 |
       Dungeon |   2012 |   1905 |    107 |    771 |    758 |   2 | 1006.0 |
         Abyss |      5 |      5 |      0 |      0 |      5 |   1 |    5.0 |
               +--------+--------+--------+--------+--------+-----+--------+

Top non-repeatable levels by time:
     D:1: 1383 daAuts
     D:2: 628 daAuts
 Abyss:1: 5 daAuts
